 Dungeon Crawl Stone Soup version 0.31-a0-115-g4708a659fe (webtiles) character file.

Game seed: 8353634373237475654

2751 DonkyDonker the Fighter (level 9, -2/83 HPs)
             Began as a Hill Orc Fighter on May 29, 2023.
             Killed by divine providence
             ... invoked by an orc priest
              (8 damage)
             ... on level 7 of the Dungeon.
             The game lasted 00:50:45 (7203 turns).

DonkyDonker the Fighter (Hill Orc Fighter)          Turns: 7203, Time: 00:50:46

Health: -2/83      AC: 14    Str: 21    XL:     9   Next: 68%
Magic:  0/9        EV:  8    Int:  8    God:
Gold:   286        SH:  0    Dex: 18    Spells: 8/8 levels left

rFire   . . .        m - +4 morningstar (freeze)
rCold   . . .        (no shield)
rNeg    . . .        y - +3 chain mail {rPois}
rPois   +            (no helmet)
rElec   .            (no cloak)
rCorr   .            (no gloves)
SInv    .            (no boots)
Will    .....        s - amulet of guardian spirit Stlth
                     (no ring)
HPRegen 0.33/turn    l - +6 ring of dexterity
MPRegen 0.11/turn

%: guardian spirit
@: about to teleport
A: no striking features
a: Convert to Beogh


You were on level 7 of the Dungeon.
You visited 1 branch of the dungeon, and saw 7 of its levels.

You collected 286 gold pieces.

Inventory:

Hand Weapons
 a - a +0 war axe
 e - a +4 dagger of electrocution
 g - a +1 halberd of flaming
 m - a +4 morningstar of freezing (weapon)
 A - a +0 arbalest
 D - a +0 lajatang
Missiles
 b - a datura-tipped dart
 r - 5 poisoned darts
Armour
 w - a +1 chain mail of fire resistance
 y - a +3 chain mail of poison resistance (worn)
Jewellery
 j - a ring of fire
 l - a +6 ring of dexterity (right hand)
 s - an amulet of guardian spirit (around neck)
 x - an amulet of reflection
Wands
 c - a wand of mindburst (9)
 k - a wand of light (4)
 n - a wand of roots (3)
Scrolls
 h - 3 scrolls of amnesia (quivered)
 i - 2 scrolls of fog
 o - 2 scrolls of noise
 q - a scroll of enchant armour {unknown}
 v - a scroll of silence
 z - a scroll of vulnerability {unknown}
 B - a scroll of teleportation
 E - a scroll of brand weapon {unknown}
 F - 2 scrolls of identify
 G - a scroll of blinking {unknown}
Potions
 d - a potion of might
 f - a potion of brilliance
 t - a potion of attraction
 u - a potion of berserk rage
 C - a potion of haste
 I - a potion of degeneration {unknown}
 J - a potion of enlightenment {unknown}
 K - a potion of ambrosia {unknown}


   Skills:
 * Level 9.3 Fighting
 - Level 3.1 Short Blades
 - Level 6.9(7.7) Axes
 * Level 2.4(4.4) Maces & Flails
 - Level 3.0(4.8) Polearms
 * Level 8.6 Armour
 - Level 5.2 Shields


You had 8 spell levels left.
You didn't know any spells.
Your spell library contained the following spells:

 Spells                   Type           Power      Damage    Failure   Level
 Sandblast                Erth           0%         2d4       94%         1
 Passwall                 Tmut/Erth      0%         N/A       98%         2
 Poisonous Vapours        Pois/Air       0%         N/A       98%         2
 Frozen Ramparts          Ice            0%         1d1       100%        3
 Mephitic Cloud           Conj/Pois/Air  0%         N/A       100%        3
 Stone Arrow              Conj/Erth      0%         3d7       100%        3
 Ice Form                 Ice/Tmut       0%         N/A       100%        4
 Summon Ice Beast         Ice/Summ       0%         N/A       100%        4
 Freezing Cloud           Conj/Ice/Air   0%         6-21      100%        5


Dungeon Overview and Level Annotations

Branches:
Dungeon (7/15)             Temple (0/1) D:4

Altars:
Cheibriados
Ru
Xom


Message History

The sky beast attacks as you move away! The sky beast completely misses you.
The grasping roots constrict the killer bee!
The grasping roots constrict the orc warrior.
You feel sick.
The roots release their grip on the orc warrior.
The killer bee stings you.
* * * LOW HITPOINT WARNING * * *
The orc warrior hits you but does no damage.
The killer bee barely misses you.
You feel better.
The grasping roots constrict the killer bee.
The roots release their grip on the killer bee.
The killer bee stings you but does no damage.
The orc warrior hits you with a +0 mace.
* * * LOW HITPOINT WARNING * * *
The sky beast hits you but does no damage.
The killer bee stings you but does no damage.
You feel better. The killer bee closely misses you.
The orc warrior hits you with a +0 mace!
* * * LOW HITPOINT WARNING * * *
An orc wizard comes into view. It is wielding a +1 dagger of flaming.
The sky beast hits you but does no damage.
The killer bee barely misses you.
As you read the scroll of teleportation, it crumbles to dust.
You feel strangely unstable. The killer bee stings you.
* * * LOW HITPOINT WARNING * * *
The orc warrior hits you but does no damage.
An orc comes into view. It is wielding a +0 hand axe.
The sky beast hits you but does no damage.
The killer bee stings you but does no damage.
The orc warrior attacks as you move away!
The orc warrior hits you but does no damage.
The sky beast attacks as you move away!
The sky beast hits you but does no damage.
The killer bee stings you but does no damage.
The orc priest attacks as you move away!
The orc priest closely misses you.
The orc priest invokes the aid of Beogh against you.
Beogh smites you!
You die...

#...# ..#.)'........ #...#
..#.)#.#'###.. #.o.#
.#####.#)..### ..
#...##.#..#..#...#..
...#####o....#..#..#...#.)
.......(Y....#'###.#####.)
##...........#.)()..#..###
#.....oyo...#...#..#..#..
?........@...######.#'##).
....####.......#..#..).#'#
.... #####...#..'.......
... #.###'#####'#.. ..
#.#..)#((#).#..
#.#...#..'..###
#.#####..####..
#.....#'##.....
##..............


You could see an orc warrior, a sky beast, a killer bee, an orc priest, an orc
wizard and an orc.

Vanquished Creatures
  A wyvern (D:7)
  3 black bears
  An ice beast (D:6)
  3 ogres
  A phantom (D:4)
  A kobold brigand (D:7)
  2 bullfrogs (D:6)
  2 scorpions
  4 wights (D:7)
  6 killer bees
  A howler monkey (D:4)
  2 centaur zombies (D:7)
  2 jellies
  3 gnoll boudas
  A sleepcap (D:4)
  Ijyb (D:5)
  2 iguanas
  9 orc wizards
  3 killer bee zombies (D:7)
  2 howler monkey zombies (D:7)
  22 gnolls
  8 adders
  A white imp (D:6)
  2 ufetubi (D:5)
  2 worms
  6 dart slugs
  32 orcs
  6 endoplasms
  4 giant cockroaches
  11 goblins
  6 hobgoblins
  6 jackals
  21 kobolds
  4 quokkas
  10 ball pythons
  3 bats
  2 frilled lizards
  A rat (D:1)
197 creatures vanquished.

Vanquished Creatures (others)
  An orc (D:4)
1 creature vanquished.

Grand Total: 198 creatures vanquished

Notes
Turn   | Place    | Note
-------+----------+-------------------------------------------
     0 | D:1      | DonkyDonker the Hill Orc Fighter began the quest for the
                  | Orb.
     0 | D:1      | Reached XP level 1. HP: 19/19 MP: 1/1
   252 | D:1      | Reached XP level 2. HP: 27/27 MP: 2/2
   685 | D:2      | Reached skill level 4 in Fighting
   831 | D:2      | Reached XP level 3. HP: 32/33 MP: 3/3
  1574 | D:3      | Found a faded altar of an unknown god.
  1591 | D:3      | Reached XP level 4. HP: 35/40 MP: 4/4
  1978 | D:3      | Found a large runed translucent door.
  1979 | D:3      | Found a large runed translucent door.
  2178 | D:3      | Found a shimmering altar of Xom.
  2187 | D:3      | Found a snail-covered altar of Cheibriados.
  2233 | D:4      | Found a staircase to the Ecumenical Temple.
  2266 | D:4      | Reached skill level 1 in Short Blades
  2266 | D:4      | Reached XP level 5. HP: 44/47 MP: 5/5
  2489 | D:4      | Noticed a black bear
  2501 | D:4      | Killed a black bear
  2502 | D:4      | Reached skill level 5 in Fighting
  2502 | D:4      | Reached XP level 6. HP: 39/56 MP: 6/6
  2648 | D:4      | Noticed a black bear
  2658 | D:4      | Killed a black bear
  2659 | D:4      | Reached skill level 5 in Armour
  2763 | D:4      | Reached XP level 7. HP: 54/62 MP: 7/7
  2964 | D:4      | Reached skill level 6 in Fighting
  2964 | D:4      | Reached skill level 5 in Axes
  3252 | D:5      | Entered Level 5 of the Dungeon
  3266 | D:5      | Noticed Ijyb
  3283 | D:5      | Killed Ijyb
  3518 | D:5      | Found a sacrificial altar of Ru.
  3759 | D:5      | Reached XP level 8. HP: 64/71 MP: 8/8
  3762 | D:5      | Reached skill level 5 in Shields
  4998 | D:6      | Reached skill level 7 in Fighting
  5260 | D:6      | Reached skill level 1 in Polearms
  5666 | D:6      | Reached skill level 8 in Fighting
  5937 | D:6      | Reached XP level 9. HP: 65/81 MP: 6/9
  7168 | D:7      | Reached skill level 9 in Fighting
  7168 | D:7      | Reached skill level 1 in Maces & Flails
  7198 | D:7      | HP: 2/83 [killer bee (3)]
  7203 | D:7      | Killed from afar by an orc priest

Illustrated notes

Levels and vault maps discovered:
D:1:      psy_arrival_whirlpool, layout_rooms
D:2:      layout_basic, minmay_fountain_box
D:3:      layout_rooms, jmf_multi_god_temple2, serial_rivers,
          chequers_serial_rivers_room_b, chequers_serial_rivers_small_3,
          chequers_serial_rivers_micro_a, chequers_serial_rivers_small_a,
          dreamdust_ecumenical_altar_grove
D:4:      minmay_clustersquares, layout_basic, minmay_temple_entry_ruins
D:5:      layout_basic, mainiacjoe_overflow_catwalk, serial_rivers,
          chequers_serial_rivers_small_a, chequers_serial_rivers_micro_c,
          chequers_serial_rivers_large_b, chequers_serial_rivers_micro_c,
          chequers_serial_rivers_small_b, uniq_ijyb
D:6:      layout_basic, minivault_19
D:7:      corexii_shantytown, layout_basic, serial_undead, serial_undead_a,
          serial_undead_e, serial_undead_b, serial_undead_c, enter_ossuary_2

Skill      XL: |  1  2  3  4  5  6  7  8  9 |
---------------+----------------------------+-----
Axes           | 3 4 5 6 |  6.9
Fighting       | 4 5 6 8 9 |  9.3
Short Blades   | 1 2 3 |  3.1
Armour         | 4 5 6 7 8 |  8.6
Shields        | 4 5 |  5.2
Polearms       | 2 3 |  3.0
Maces & Flails | 2 |  2.4

Action                     |  1- 3 |  4- 6 |  7- 9 || total
---------------------------+-------+-------+-------++-------
  Melee: War axe           |    12 |       |       ||    12
         Dagger            |    70 |   103 |    57 ||   230
         Club              |       |       |    84 ||    84
         Halberd           |       |       |   180 ||   180
         Morningstar       |       |       |    89 ||    89
         Punch             |       |       |     1 ||     1
  Throw: Dart              |       |     3 |    21 ||    24
  Evoke: Wand              |       |     2 |     5 ||     7
    Use: Scroll            |       |       |    10 ||    10
         Potion            |       |       |     9 ||     9
 Armour: Scale mail        |    19 |       |       ||    19
         Plate armour      |    12 |    73 |    25 ||   110
         Chain mail        |       |       |   331 ||   331
  Dodge: Dodged            |    25 |    31 |   238 ||   294
  Block: Buckler           |    18 |    31 |    47 ||    96

Table legend: (Time is in decaauts)
 A = Elapsed time spent in this place.
 B = Non-inter-level travel time spent in this place.
 C = Inter-level travel time spent in this place.
 D = Time resting spent in this place.
 E = Time spent auto-exploring this place.
 F = Levels seen in this place.
 G = Mean time per level.
                   A        B        C        D        E       F      G
               +--------+--------+--------+--------+--------+-----+--------+
         Total |   7375 |   6570 |    805 |   1223 |   3547 |   7 | 1053.6 |
       Dungeon |   7375 |   6570 |    805 |   1223 |   3547 |   7 | 1053.6 |
               +--------+--------+--------+--------+--------+-----+--------+

Top non-repeatable levels by time:
     D:5: 1778 daAuts
     D:6: 1428 daAuts
     D:4: 929 daAuts
     D:7: 895 daAuts
     D:2: 891 daAuts
     D:3: 762 daAuts
     D:1: 690 daAuts
